 Dungeon Crawl Stone Soup version 0.28.0 (webtiles) character file.

Game seed: 17354665799957933385

7 dolemite99 the Chopper (level 2, 25/25 HPs)
             Began as a Hill Orc Gladiator on Feb 9, 2022.
             Was a Follower of Vehumet.
             Quit the game on level 1 of the Dungeon.
             The game lasted 00:00:32 (374 turns).

dolemite99 the Chopper (Hill Orc Gladiator)          Turns: 374, Time: 00:00:33

Health: 25/25      AC:  4    Str: 16    XL:     2   Next: 4%
Magic:  2/2        EV: 11    Int:  8    God:    Vehumet [*.....]
Gold:   11         SH:  3    Dex: 12    Spells: 1/1 levels left

rFire   . . .      SeeInvis .   a - +0 war axe
rCold   . . .      Faith    .   e - +0 buckler
rNeg    . . .      Spirit   .   b - +0 leather armour
rPois   .          Reflect  .   g - +0 helmet
rElec   .          Harm     .   (no cloak)
rCorr   .          Rampage  .   (no gloves)
Will    .....                   (no boots)
Stlth   +.........              (no amulet)
HPRegen 0.08/turn               (no ring)
MPRegen 0.08/turn               (no ring)

@: no status effects
A: no striking features
a: Renounce Religion


You were on level 1 of the Dungeon.
You worshipped Vehumet.
Vehumet was aware of your devotion.
You visited 1 branch of the dungeon, and saw 1 of its levels.

You collected 11 gold pieces.

Inventory:

Hand Weapons
 a - a +0 war axe (weapon)
Missiles
 d - 3 throwing nets (quivered)
 k - 39 stones
Armour
 b - a +0 leather armour (worn)
 c - a +0 helmet
 e - a +0 buckler (worn)
 g - a +0 helmet (worn)
Scrolls
 h - a scroll of teleportation {unknown}
Potions
 f - a potion of heal wounds {unknown}
 i - a potion of curing {unknown}
 j - a potion of attraction {unknown}


   Skills:
 - Level 2.4 Fighting
 + Level 4.7 Axes
 - Level 1.7 Throwing
 - Level 2.4 Dodging


You had one spell level left.
You didn't know any spells.
Your spell library was empty.

Dungeon Overview and Level Annotations

Branches:
Dungeon (1/15)

Altars:
Vehumet


Message History

j - a yellow potion No target in view!
Found a mace.
No target in view!
No target in view!
No target in view!
You now have 11 gold pieces (gained 6).
Found 39 stones.
No target in view!
A rat comes into view.
A rat is nearby!
A rat is nearby!
The rat bites you but does no damage.
You hit the rat.
The rat is moderately wounded.
The rat bites you but does no damage.
You hit the rat.
You kill the rat!
No target in view!
You see here 20 stones.
k - 20 stones
k - 39 stones (gained 19)
There are no items here.
A quokka comes into view.
A quokka is nearby!
Found a faded altar of an unknown god.
Found a stone staircase leading down.
The quokka barely misses you.
You slash the quokka!
You kill the quokka!
You have reached level 2!
There is a faded altar of an unknown god here.
You cannot tell which god this altar belongs to.
Convert to them anyway?
Vehumet accepts your prayer! Vehumet welcomes you!
You can now gain magical power from killing.
Vehumet offers you knowledge of Foxfire.
Okay, then.
Unknown command.
Press < or > to pray at altars.
Are you sure you want to abandon this character and quit the game? (Confirm with "yes".)

#.......# #....###.##
####.#### #.#.## ##.#
##>......# #.##.###.##
#....†...########.....#.##
#..##....#.....#######.##
# #........#.....###
#.#### #....#...#.§......
#..... #..#.#....§§§..#
#.#### #.........@....#
#.# # #.......#.§§.### #.#
####.#####...# #.# #.
##### ..# .. # ..# .. ..#
.. #.## ..


There were no monsters in sight!

Vanquished Creatures
  3 ball pythons (D:1)
  A quokka (D:1)
  2 bats (D:1)
  A frilled lizard (D:1)
  A rat (D:1)
8 creatures vanquished.

Notes
Turn   | Place    | Note
-------+----------+-------------------------------------------
     0 | D:1      | dolemite99 the Hill Orc Gladiator began the quest for the
                  | Orb.
     0 | D:1      | Reached XP level 1. HP: 18/18 MP: 1/1
   364 | D:1      | Found a faded altar of an unknown god.
   367 | D:1      | Reached XP level 2. HP: 25/25 MP: 2/2
   373 | D:1      | Prayed at the altar of an unknown god.
   373 | D:1      | Became a worshipper of Vehumet
   373 | D:1      | Reached * piety under Vehumet
   373 | D:1      | Offered knowledge of Foxfire by Vehumet.
   374 | D:1      | Quit the game

Illustrated notes

Levels and vault maps discovered:
D:1:      mrwooster_arrival_arrow, layout_loops_cross,
          ebering_ecumenical_altar_mist

Action                   || total
-------------------------++-------
Melee: War axe           ||    18
Armor: Leather armour    ||    11
Dodge: Dodged            ||    17
Block: Buckler           ||     2
